← All builds
Geo / Armada / Economy first / OBSERVED BUILD

Standard geo

Armada Geo build order · Supreme Isthmus

Standard Geo economy play: geothermal into advanced metal extractor and advanced geothermal, blows up the commander for T2, then transitions into Starlight and T2 constructors to supply the front and allies.

Usually blows up the commander for T2 (67%)

#eco #t2 #team support · 762 distinct matches · 111 players · 59% of Armada Geo games · team won 54% of 857 · Recently observed

HOW TO PLAY IT

Key timing: Geothermal Powerplant by 3:26

  1. Open mex and wind into Bot Lab.
  2. Rush geothermal for the early energy spike.
  3. Add Advanced Metal Extractor, then Advanced Geothermal by 7:07.
  4. Bring up Vehicle Plant alongside T2 con for "Starlight" and vehicles.
  5. Funnel "Starlight" and T1 vehicles to front, pay allies with cons and "Lazarus".

Phase by phase

TYPICAL OF ITS 762 GAMES
  1. 1
  2. 2
  3. 3
  4. 4
PLAY THE OPENING

Follow the example game's first 6:00 step by step: what to build now, what comes next, and where it goes. At 1× it keeps pace with your own game.

  1. 1

    Up to the Bot Lab

    Economy
    • Metal Extractor2Mex
    • Wind Turbine4Wind
    Order
    1. Bot LabBot Lab after 2 mex, 4 winddone ~1:12, middle half 0:58–1:22

    By 0:55 in all: 2 mex · 4 wind

    The example game in this phase · 4 steps
    1. Mex ×2
    2. Wind ×4
    3. Energy storage
    4. Bot LabBot Labdone 1:12 · typical 1:12
  2. 2

    Bot Lab to 5:00

    Economy
    • Metal Extractor2Mex
    • Wind Turbine3Wind
    • Energy Converter8Converter
    • Energy Storage1Energy storage
    Order
    1. Geothermal PowerplantGeo after 4 mex, 5 wind, 1 energy storage
    Builders
    • Construction Turret5 Con turret
    • Lazarus4 Lazarus
    • Construction Bot2 Con bot
    • Construction Bot1 Con bot for allies
    • Lazarus1 Lazarus for allies

    By 5:00 in all: 4 mex · 7 wind · 1 geo · 8 converter · 1 energy storage · 5 con turret

    The example game in this phase · 18 steps
    1. Wind
    2. Construction BotCon bot
    3. LazarusLazarus ×2
    4. Mex
    5. LazarusLazarus
    6. Construction BotCon bot ×2for Beach sea
    7. Geothermal PowerplantGeodone 3:02 · typical 3:26
    8. LazarusLazarus
    9. Mex
    10. Construction BotCon bot
    11. Con turret ×2
    12. Converter ×7
    13. Con turret ×2
    14. Converter ×2
    15. Con turret ×2
    16. Advanced Metal ExtractorT2 mexdone 5:06 · typical 5:34
    17. Con turret
    18. Advanced Metal ExtractorT2 mex
  3. 3

    5:00 to Vehicle Plant

    Order
    1. Advanced Geothermal PowerplantAdvanced Geothermal Powerplant after 8 wind, 10 converter, 6 con turretin 59% of games
    2. Vehicle PlantVehicle Plant after 10 wind, 10 converter, 6 con turretdone ~7:07, middle half 6:41–7:40
    Builders
    • Construction Turret1 Con turret

    Some games also: converter (49%) · wind (47%)

    By 7:00 in all: 4 mex · 10 wind · 1 geo · 1 Advanced Geothermal Powerplant · 10 converter · 1 energy storage

    The example game in this phase · 55 steps
    1. Advanced Metal ExtractorT2 mex ×2
    2. NettleNettle
    3. FerretFerret ×2
    4. Advanced Geothermal PowerplantAdvanced Geothermal Powerplantdone 6:54 · typical 7:07
    5. Wind
    6. Radar TowerRadar Tower
    7. Wind
    8. Aircraft PlantAircraft Plantdone 7:03
    9. Wind ×4
    10. StormbringerBomberfor Pond
    11. Wind ×2
    12. StormbringerBomberfor Pond
    13. Wind
    14. StormbringerBomberfor Pond
    15. Wind
    16. StormbringerBomberfor Pond
    17. Wind
    18. StormbringerBomberfor Pond
    19. Wind
    20. StormbringerBomber ×2for Pond
    21. Wind
    22. StormbringerBomberfor Pond
    23. Con turret
    24. StormbringerBomberfor Pond
    25. Con turret
    26. Wind
    27. Con turret
    28. StormbringerBomberfor Pond
    29. Con turret
    30. Wind
    31. StormbringerBomber ×2for Pond
    32. Wind
    33. StormbringerBomber ×3for Pond
    34. Wind
    35. StormbringerBomber ×2for Pond
    36. Wind
    37. StormbringerBomberfor Pond
    38. Wind
    39. StormbringerBomber ×2for Pond
    40. Wind
    41. FalconFighterfor Pond
    42. Wind
    43. FalconFighter ×2for Pond
    44. Wind
    45. FalconFighter ×2for Pond
    46. Wind
    47. FalconFighter ×2for Pond
    48. Wind
    49. FalconFighter ×2for Pond
    50. Wind
    51. FalconFighter ×2for Pond
    52. Wind
    53. FalconFighter ×25for Pond
    54. FalconFighter ×2
    55. Vehicle PlantVehicle Plantdone 10:00 · typical 7:07
  4. 4

    Vehicle Plant to 10:00

    Economy
    • Wind Turbine5Wind
    • Energy Converter3Converter
    Order
    1. Advanced Vehicle PlantAdvanced Vehicle Plant after 11 wind, 11 converter, 7 con turret
    Builders
    • Construction Vehicle1 Con vehicle
    Army
    • Starlight2 Starlight
    • Umbra1 Jammer
    • Prophet1 Radar vehicle

    Some games also: con turret (49%) · T2 con vehicle for allies (48%) · Jaguar (31%)

    By 10:00 in all: 4 mex · 20 wind · 1 geo · 1 Advanced Geothermal Powerplant · 16 converter · 1 energy storage

    The example game in this phase · 59 steps
    1. Vehicle PlantVehicle Plantdone 10:03
    2. Converter
    3. BlitzBlitz ×3
    4. Converter
    5. BlitzBlitz ×4
    6. Converter
    7. BlitzBlitz ×4
    8. Converter
    9. BlitzBlitz ×3
    10. Converter
    11. BlitzBlitz ×3
    12. Converter
    13. BlitzBlitz ×3
    14. Converter
    15. BlitzBlitz ×3
    16. Converter
    17. BlitzBlitz ×2
    18. Converter
    19. BlitzBlitz ×5
    20. Converter
    21. BlitzBlitz ×3
    22. Converter
    23. BlitzBlitz ×3
    24. Converter
    25. BlitzBlitz ×4
    26. Converter
    27. BlitzBlitz ×2
    28. Converter
    29. BlitzBlitz
    30. Converter
    31. BlitzBlitz ×7
    32. Wind
    33. BlitzBlitz
    34. Wind
    35. BlitzBlitz
    36. Wind
    37. BlitzBlitz ×2
    38. Wind
    39. BlitzBlitz
    40. Wind ×2
    41. BlitzBlitz ×2
    42. Wind
    43. BlitzBlitz
    44. Wind
    45. BlitzBlitz
    46. Wind
    47. BlitzBlitz ×2
    48. Wind ×2
    49. BlitzBlitz ×2
    50. Wind
    51. BlitzBlitz
    52. Wind ×2
    53. BlitzBlitz ×2
    54. Wind
    55. BlitzBlitz
    56. Wind
    57. BlitzBlitz ×2
    58. Wind
    59. BlitzBlitz

Counts are medians over the build's games: half of them build more, half fewer. The example game is PixelPeeker's (45 OS, 09/09/2026); pick another.

Team trades

IN AT LEAST 30% OF ITS GAMES

You hand over

  • Lazarus1 Lazarus to Beach seafirst at 2:16 · in 77% of games
  • Construction Bot1 Con bot to Beach seafirst at 2:30 · in 87% of games
  • Advanced Construction Vehicle1 T2 con vehicle to Suicide front or Frontfirst at 8:52 · in 62% of games

You get

  • Hercules1 Light transport from Airfirst at 4:19 · in 34% of games
  • Advanced Construction Bot1 T2 con bot from Techfirst at 4:48 · in 95% of games

How it plays out

Typical game of this build, running totals by minute

Metal produced

020k40k
0:005:0010:0015:00

metal

Enemy metal destroyed

05k10k15k
0:005:0010:0015:00

metal

Own metal lost

02.5k5k7.5k
0:005:0010:0015:00

metal

857 games.

Show as table
ByMetal produced: This buildEnemy metal destroyed: This buildOwn metal lost: This build
1:0033300
2:0082800
3:00152800
4:00270600
5:00372900
6:00572000
7:00814000
8:0011502021
9:001450952130
10:0017425627320
11:00204052075790
12:002330539821933
13:002611260863295
14:002900184934700
15:0031601103396090
WHAT THE NUMBERS SAY

Standard Geo build dominates the resource numbers, with zero own losses through 10:00 and a huge metal lead by 15:00.

  • + Metal produced hits 31426 by 15:00, highest of all six builds
  • + Own metal lost is 0 by 5:00 and only 334 by 10:00
  • − First Starlight only arrives in 57% of games by 9:19
  • − Advanced geothermal lands in just 69% of games by 7:16
THE EXAMPLE YOU ARE READING

PixelPeeker

44.7 OS · 09/09/2026

Open source match ↗

3 received units · includes a constructor
670 metal received · 94437 energy received

Allied construction assistance is unknown. Timings are observations, not a promise of solo reproducibility.

Typical milestones

Bot Lab1:12Middle 50%: 0:58–1:22 · n=856
Geothermal Powerplant3:26Middle 50%: 3:10–3:42 · n=854
Advanced Metal Extractor5:34Middle 50%: 5:18–5:56 · n=853
Advanced Geothermal Powerplant7:07Middle 50%: 6:49–7:34 · n=617
Vehicle Plant7:07Middle 50%: 6:41–7:40 · n=816
Advanced Vehicle Plant8:07Middle 50%: 7:41–8:47 · n=777
Starlight9:03Middle 50%: 8:32–9:52 · n=682

Played most by

0neTw086games of this buildzeus_on_god86games of this buildViltrum54games of this buildDamsko44games of this buildXad44games of this build